 Dungeon Crawl Stone Soup version 0.18-a0-965-g9200175 (webtiles) character file.

968 dvd the Magician (level 7, -2/57 HPs)
             Began as a Pale Draconian Transmuter on Jan 1, 2016.
             Was an Initiate of Cheibriados.
             Slain by Prince Ribbit (14 damage)
             ... on level 6 of the Dungeon.
             The game lasted 00:24:39 (6966 turns).

dvd the Magician (Pale Draconian Transmuter)        Turns: 6966, Time: 00:24:40

Health: -2/57      AC:  2    Str: 14      XL:     7   Next: 93%
Magic:  11/14      EV: 21    Int: 17      God:    Cheibriados [......]
Gold:   253        SH:  0    Dex: 14 (16) Spells: 2 memorised, 11 levels left

rFire  . . .     SeeInvis .       - Unarmed
rCold  . . .     Gourm    .     (armour unavailable)
rNeg   . . .     Faith    .     (shield currently unavailable)
rPois  x         Spirit   .     (helmet currently unavailable)
rElec  .         Dismiss  .     (cloak currently unavailable)
rCorr  +         Reflect  .     (gloves currently unavailable)
SustAt .         Harm     .     (boots currently unavailable)
MR     .....                    x - amulet of resist corrosion
Stlth  ++........               (no ring)
                                (no ring)

@: spider-form, very slow, not resistant to hostile enchantments, unstealthy
A: (breathe steam), unfitting armour, (cold-blooded), AC +6
a: End Transformation, Bend Time, Renounce Religion


You were on level 6 of the Dungeon.
You worshipped Cheibriados.
Cheibriados was noncommittal.
You were very hungry.
You were a venomous arachnid creature.
You visited 2 branches of the dungeon, and saw 7 of its levels.

You collected 253 gold pieces.

Inventory:

Hand Weapons
 i - a +0 short sword of electrocution
 q - a cursed +0 long sword
Missiles
 k - 7 tomahawks (quivered)
Armour
 p - a +0 helmet
 v - a +0 pair of gloves (melded)
Jewellery
 x - an amulet of resist corrosion (around neck)
Scrolls
 e - a scroll of amnesia {unknown}
 f - a scroll of fear {unknown}
 g - 8 scrolls of remove curse
 h - a scroll of enchant armour {unknown}
 j - 3 scrolls of identify {unknown}
 l - 3 scrolls of teleportation {unknown}
 s - a scroll of recharging {unknown}
 t - a scroll of enchant weapon {unknown}
Potions
 a - a potion of ambrosia
 m - a potion of agility {unknown}
 n - a potion of curing {unknown}
 o - a potion of heal wounds {unknown}
 u - a potion of brilliance {unknown}
 w - a potion of flight {unknown}
 z - a potion of invisibility {unknown}
Books
 b - a book of Changes

   Spells                             Type                      Level
   a - Beastly Appendage              Transmutation                1
   b - Sticks to Snakes               Transmutation                2
   c - Spider Form                    Transmutation/Poison         3
   d - Ice Form                       Ice/Transmutation            4
   e - Blade Hands                    Transmutation                5
Miscellaneous
 r - a plain deck of wonders {drawn: 2}
Comestibles
 c - 4 bread rations


   Skills:
 + Level 3.5 Fighting
 + Level 0.1 Throwing
 + Level 4.1 Dodging
 + Level 0.4 Stealth
 + Level 4.4 Unarmed Combat
 * Level 4.6 Spellcasting
 * Level 4.4 Transmutations
 + Level 1.5 Poison Magic
 + Level 0.2 Invocations


You had 11 spell levels left.
You knew the following spells:

 Your Spells              Type           Power        Failure   Level  Hunger
a - Beastly Appendage     Trmt           ###...       10%         1    None
b - Spider Form           Trmt/Pois      ##........   32%         3    ###....


Dungeon Overview and Level Annotations

Branches:
Dungeon (6/15)             Temple (1/1) D:5

Altars:
Ashenzari
Cheibriados
Fedhas
Kikubaaqudgha
Makhleb
Nemelex Xobeh
Okawaru
Qazlal
Ru
Sif Muna
Trog
Vehumet
Xom
The Shining One

Shops:
D:5 *

Annotations:
D:6 Prince Ribbit


Innate Abilities, Weirdness & Mutations

((You can breathe blasts of scalding, opaque steam.))
((Your pale cyan-grey scales are hard (AC +6).))
Your body does not fit into most forms of armour.
((You are cold-blooded and may be slowed by cold attacks.))


Message History

Cheibriados thoroughly appreciates the change of pace.
Your transformation is almost over.
Magic restored.
Prince Ribbit comes into view.
Prince Ribbit gives a loud, deep croak!
Casting: Beastly Appendage
Confirm with . or Enter, or press ? or * to list all spells.
Your talons disappear.
You turn into a venomous arachnid creature.
Your +0 pair of gloves melds into your body.
Prince Ribbit hits you!
* * * LOW HITPOINT WARNING * * *
Prince Ribbit barely misses you.
You bite Prince Ribbit!
Prince Ribbit is poisoned.
Prince Ribbit is moderately wounded.
Prince Ribbit completely misses you.
You miss Prince Ribbit.
Prince Ribbit is moderately wounded.
Prince Ribbit hits you!
You die...

#................
#.#....<.........
#.######.#.<.#.##
#.# #.#....... ###.#
#.#...#.## ..#>#
#.#...#.# #.#.#
#.#...#.# #.#.#
#.......# .<..#
######...s#
..#####....#####F#
#...##.......##....
..###.......).##...#
#.# #....#....##...#
..###...###....#.###
....'...#y#._..#..
.####...###..))###
.# #....#....#


You could see Prince Ribbit.

Vanquished Creatures
  Grinder (D:6)
  An ice beast (D:6)
  A sky beast (D:5)
  A giant frog (D:6)
  A crimson imp (D:5)
  A quasit (D:6)
  A hound (D:4)
  An orc priest (D:5)
  An iron imp (D:5)
  Natasha (thrice) (D:3)
  3 worker ants (D:4)
  Robin (D:3)
  9 adders
  An ooze (D:1)
  2 adder skeletons
  5 worms
  5 giant geckos
  4 orcs (D:5)
  4 giant cockroaches
  24 goblins
  17 hobgoblins
  3 jackals (D:4)
  2 quokkas
  2 ball pythons
  11 bats
  4 giant newts
  A jackal zombie (D:5)
  9 kobolds
  A quokka skeleton (D:6)
  11 rats
131 creatures vanquished.

Vanquished Creatures (others)
  A centaur (D:5)
  An adder (D:5)
2 creatures vanquished.

Grand Total: 133 creatures vanquished

Notes
Turn   | Place    | Note
--------------------------------------------------------------
     0 | D:1      | dvd the Draconian Transmuter began the quest for the Orb.
     0 | D:1      | Reached XP level 1. HP: 16/16 MP: 3/3
   319 | D:1      | Reached XP level 2. HP: 23/23 MP: 3/5
  1065 | D:1      | Reached XP level 3. HP: 28/28 MP: 6/6
  1305 | D:1      | Learned a level 3 spell: Spider Form
  1903 | D:2      | Reached XP level 4. HP: 35/35 MP: 5/7
  2556 | D:3      | Noticed Robin
  3189 | D:3      | Noticed Natasha
  3195 | D:3      | Killed Natasha
  3195 | D:3      | Reached XP level 5. HP: 29/41 MP: 5/9
  3393 | D:3      | Found a sacrificial altar of Ru.
  3477 | D:3      | Found a sparkling altar of Nemelex Xobeh.
  3482 | D:3      | Noticed Natasha
  3497 | D:3      | Killed Natasha
  3566 | D:3      | Noticed Natasha
  3576 | D:3      | Killed Natasha
  3632 | D:3      | Killed Robin
  3927 | D:3      | Found an iron altar of Okawaru.
  4153 | D:4      | Reached XP level 6. HP: 40/50 MP: 6/10
  4827 | D:4      | Found a stormy altar of Qazlal.
  5151 | D:5      | Entered Level 5 of the Dungeon
  5460 | D:5      | Found Upapleon's Assorted Antiques.
  5824 | D:5      | Found a snail-covered altar of Cheibriados.
  5830 | D:5      | Became a worshipper of Cheibriados the Contemplative
  6013 | D:5      | Noticed a sky beast
  6037 | D:5      | Killed a sky beast
  6037 | D:5      | Reached skill level 4 in Unarmed Combat
  6037 | D:5      | Reached skill level 1 in Poison Magic
  6037 | D:5      | Your scales start taking on a pale cyan-grey colour.
  6037 | D:5      | Reached XP level 7. HP: 12/57 MP: 10/12
  6509 | D:5      | Found a staircase to the Ecumenical Temple.
  6524 | Temple   | Entered the Ecumenical Temple
  6758 | D:6      | Noticed a moth of wrath
  6759 | D:6      | Noticed Grinder
  6760 | D:6      | Found a bloodstained altar of Trog.
  6788 | D:6      | Paralysed by Grinder for 6 turns
  6798 | D:6      | Killed Grinder
  6892 | D:6      | Drew Focus: Int increased to 16, Dex decreased to 10
  6962 | D:6      | Noticed Prince Ribbit
  6966 | D:6      | Slain by Prince Ribbit

Vault maps used:
D:1:      tarquinn_simple_flora_water_f
D:2:      serial_glass, glass_columns_c, glass_columns_a, glass_columns_a,
          glass_columns_b, glass_columns_c, glass_columns_a
D:3:      old_standard_altar, lemuel_coloured_pillars_altar, nemelex_deck,
          first_bread, minmay_goblin_outpost, uniq_robin, uniq_natasha
D:4:      lemuel_doored_altar, hangedman_abyss_or_decor_stagger
D:5:      lemuel_temple_firewalk, serial_shops,
          nicolae_shop_competitors_out_of_business, minivault_27,
          chei_slow_surprise
D:6:      tgw_trog, kennysheep_ying_yang, grunt_dithmenos_smoke,
          uniq_crazy_yiuf_cottage, uniq_prince_ribbit1, uniq_pikel, uniq_grinder
Temple:   jpeg_temple_clearing_9

Action                   |  1- 3 |  4- 6 |  7- 9 || total
-------------------------+-------+-------+-------++-------
Melee: Unarmed           |   187 |   341 |    68 ||   596
Throw: Tomahawk          |       |     6 |     1 ||     7
 Cast: Beastly Appendage |    28 |    28 |     5 ||    61
       Spider Form       |       |    15 |     3 ||    18
Invok: Bend Time         |       |       |     1 ||     1
 Abil: Breathe Steam     |       |       |     5 ||     5
Evoke: Deck              |       |       |     2 ||     2
  Use: Potion            |       |       |     2 ||     2
       Scroll            |       |       |     1 ||     1
 Stab: Sleeping          |       |     1 |       ||     1
  Eat: Chunk             |     4 |     7 |       ||    11
       Meat ration       |       |     2 |       ||     2
       Beef jerky        |       |       |     1 ||     1
